 Dungeon Crawl Stone Soup version 0.31-a0-152-g6aa68a64a1 (webtiles) character file.

Game seed: 7639043187942694482

4 promet the Magician (level 1, -2/10 HPs)
             Began as a Deep Elf Hedge Wizard on June 9, 2023.
             Slain by a gnoll
             ... wielding a +0 club
              (5 damage)
             ... on level 1 of the Dungeon.
             The game lasted 00:01:09 (335 turns).

promet the Magician (Deep Elf Hedge Wizard)          Turns: 335, Time: 00:01:11

Health: -2/10      AC:  2    Str:  7    XL:     1   Next: 50%
Magic:  4/8        EV: 12    Int: 18    God:
Gold:   24         SH:  0    Dex: 14    Spells: 8/9 levels left

rFire   . . .        a - +0 dagger
rCold   . . .        (no shield)
rNeg    . . .        b - +0 robe
rPois   .            c - +0 hat
rElec   .            (no cloak)
rCorr   .            (no gloves)
SInv    .            (no boots)
Will    .....        (no amulet)
Stlth   ++           (no ring)
HPRegen 0.21/turn    (no ring)
MPRegen 0.11/turn

%: no passive effects
@: very slightly contaminated
A: no striking features
a: no special abilities


You were on level 1 of the Dungeon.
You visited 1 branch of the dungeon, and saw 1 of its levels.

You collected 24 gold pieces.

Inventory:

Hand Weapons
 a - a +0 dagger (weapon)
Missiles
 h - 12 stones
Armour
 b - a +0 robe (worn)
 c - a +0 hat (worn)
 f - a +0 leather armour
Scrolls
 g - a scroll of vulnerability {unknown}
Potions
 d - a potion of magic
 e - a potion of mutation {unknown}
 i - a potion of berserk rage {unknown}
 j - a potion of might {unknown}


   Skills:
 + Level 2.4 Dodging
 + Level 2.6 Stealth
 + Level 4.6 Spellcasting
 + Level 1.1 Conjurations
 + Level 1.1 Summonings
 + Level 1.1 Translocations


You had 8 spell levels left.
You knew the following spells:

 Your Spells              Type           Power      Damage    Failure   Level
a - Magic Dart            Conj           32%        1d4       9%          1

Your spell library contained the following spells:

 Spells                   Type           Power      Damage    Failure   Level
 Blink                    Tloc           16%        N/A       13%         2
 Call Imp                 Summ           16%        N/A       13%         2
 Slow                     Hex            16%        N/A       14%         1
 Cigotuvi's Dreadful Rot  Necr/Pois/Air  8%         N/A       22%         2
 Scorch                   Fire           8%         2d5       22%         2
 Volatile Blastmotes      Fire/Tloc      12%        2d11      32%         3
 Mephitic Cloud           Conj/Pois/Air  5%         N/A       34%         3
 Fireball                 Conj/Fire      3%         3d4       97%         5
 Fire Storm               Conj/Fire      3%         8d1       100%        9


Dungeon Overview and Level Annotations

Branches:
Dungeon (1/15)

Altars:


Message History

Magic restored.
Found a stone staircase leading down.
A gnoll comes into view. It is wielding a +0 club.
The gnoll shouts!
You hear a shout!
Casting: Magic Dart (safe; 9% risk of failure)
Confirm with . or Enter, or press ? or * to list all spells.
Aiming: Magic Dart (safe; 9% risk of failure)
Press: ? - help, Shift-Dir - straight line, f - gnoll
Aim: a gnoll, wielding a +0 club (100% to hit)
The magic dart hits the gnoll.
The gnoll is lightly wounded.
Casting: Magic Dart (safe; 9% risk of failure)
Confirm with . or Enter, or press ? or * to list all spells.
Aiming: Magic Dart (safe; 9% risk of failure)
Press: ? - help, Shift-Dir - straight line, f/p - gnoll
Aim: a gnoll, wielding a +0 club (lightly wounded, 100% to hit)
You miscast Magic Dart.
You are very lightly contaminated with residual magic.
Nothing appears to happen.
Casting: Magic Dart (safe; 9% risk of failure)
Confirm with . or Enter, or press ? or * to list all spells.
Aiming: Magic Dart (safe; 9% risk of failure)
Press: ? - help, Shift-Dir - straight line, f/p - gnoll
Aim: a gnoll, wielding a +0 club (lightly wounded, 100% to hit)
You miscast Magic Dart.
Nothing appears to happen.
The gnoll hits you with a +0 club!
Ouch! That really hurt!
* * * LOW HITPOINT WARNING * * *
Okay, then.
Okay, then.
Casting: Magic Dart (safe; 9% risk of failure)
Confirm with . or Enter, or press ? or * to list all spells.
Aiming: Magic Dart (safe; 9% risk of failure)
Press: ? - help, Shift-Dir - straight line, f/p - gnoll
Aim: a gnoll, wielding a +0 club (lightly wounded, 100% to hit)
The magic dart hits the gnoll.
The gnoll is moderately wounded.
The gnoll hits you with a +0 club.
Ouch! That really hurt!
You die...

.. .# #.#.## #
#....##.# #.....#.##
#........
######.....#># #
...........#.#.#.##
.......@......#....
....##g....###...# .
##....#..........#
#. #..##.#.##.####.#
#. #.
#.#.##.####.######.
#
....##.............
.###.###............
.. #.# #............
#. #.# #.........[..


You could see a gnoll.

Vanquished Creatures
  A giant cockroach (D:1)
  A goblin (D:1)
  A quokka (D:1)
3 creatures vanquished.

Notes
Turn   | Place    | Note
-------+----------+-------------------------------------------
     0 | D:1      | promet the Deep Elf Hedge Wizard began the quest for the
                  | Orb.
     0 | D:1      | Reached XP level 1. HP: 10/10 MP: 7/7
   234 | D:1      | Got the Notes on Kindling
   335 | D:1      | Slain by a gnoll

Illustrated notes

Levels and vault maps discovered:
D:1:      dpeg_arrival_solitude, layout_loops_ring

Action                     || total
---------------------------++-------
  Melee: Dagger            ||    12
         Punch             ||     1
   Cast: Magic Dart        ||    12
 Armour: Robe              ||     1
  Dodge: Dodged            ||    11

Table legend: (Time is in decaauts)
 A = Elapsed time spent in this place.
 B = Non-inter-level travel time spent in this place.
 C = Inter-level travel time spent in this place.
 D = Time resting spent in this place.
 E = Time spent auto-exploring this place.
 F = Levels seen in this place.
 G = Mean time per level.
                   A        B        C        D        E       F      G
               +--------+--------+--------+--------+--------+-----+--------+
         Total |    335 |    335 |      0 |    177 |     68 |   1 |  335.0 |
       Dungeon |    335 |    335 |      0 |    177 |     68 |   1 |  335.0 |
               +--------+--------+--------+--------+--------+-----+--------+

Top non-repeatable levels by time:
     D:1: 335 daAuts
